 Dungeon Crawl Stone Soup version 0.27-a0-543-gd81048afd2 (webtiles) character file.

Game seed: 4155713880777922333

6654 ReteAZ the Carver (level 10, 0/70 HPs)
             Began as a Demonspawn Fighter on Mar 7, 2021.
             Was a Believer of Ashenzari.
             Killed by divine providence
             ... invoked by an orc priest
              (12 damage)
             ... on level 9 of the Dungeon.
             The game lasted 00:14:38 (11354 turns).

ReteAZ the Carver (Demonspawn Fighter)             Turns: 11354, Time: 00:14:39

Health: 0/70       AC: 12    Str: 17    XL:     10   Next: 73%
Magic:  10/10      EV: 24    Int: 13    God:    Ashenzari [**....]
Gold:   689        SH:  9    Dex: 12    Spells: 9/9 levels left

rFire    . . .     SeeInvis +   a - +0 long sword
rCold    . . .     Faith    .   c - +1 kite shield of the Shackled Planets {Elem, Range} (curse)
rNeg     . . .     Spirit   .   b - +0 scale mail
rPois    .         Reflect  .   (no helmet)
rElec    .         Harm     .   q - +2 cloak of Ashenzari's Loss {Evo, Alch} (curse)
rCorr    .         Rampage  .   v - +0 pair of gloves
Will     +....                  (no boots)
Stlth    ..........             l - amulet of the acrobat
HPRegen  0.21/turn              m - ring of see invisible
MPRegen  0.12/turn              C - ring of the Shackled Sun {Will+, Cun, Comp} (curse)

@: lethally poisoned (0 -> -2), acrobatic, slowed, very slow
A: talons 1, powered by pain 1, spiny 1, sharp scales 2
a: Renounce Religion, Shatter the Chains


You were on level 9 of the Dungeon.
You worshipped Ashenzari.
Ashenzari was pleased with you.
You visited 2 branches of the dungeon, and saw 10 of its levels.

You collected 724 gold pieces.
You spent 35 gold pieces at shops.

Inventory:

Hand Weapons
 a - a +0 long sword (weapon)
 j - a +1 dagger of speed
 o - a +2 mace of draining
 p - a +1 dagger of venom
Missiles
 h - 20 poisoned darts (quivered)
 x - a throwing net
 E - 2 curare-tipped darts
Armour
 b - a +0 scale mail (worn)
 c - the cursed +1 kite shield of the Shackled Planets (worn) {Elem, Range}

   It has a curse placed upon it.
 q - the cursed +2 cloak of Ashenzari's Loss (worn) {Evo, Alch}
   (You found it on level 3 of the Dungeon)

   It has a curse placed upon it.
 v - a +0 pair of gloves (worn)
Jewellery
 l - an amulet of the acrobat (around neck)
 m - a ring of see invisible (left hand)
 C - the cursed ring of the Shackled Sun (right hand) {Will+, Cun, Comp}
   (You took it off a gnoll on level 6 of the Dungeon)

   [ring of willpower]

   It affects your willpower, your defense against some magical effects.
   It has a curse placed upon it.
Wands
 y - a wand of random effects (41)
Scrolls
 f - 7 scrolls of teleportation
 g - a scroll of immolation
 k - 3 scrolls of enchant weapon
 t - 2 scrolls of fear
 w - a scroll of magic mapping
 B - a scroll of blinking
 D - a scroll of noise
Potions
 d - a potion of might
 e - a potion of cancellation
 i - 2 potions of invisibility
 n - a potion of haste
 r - 7 potions of attraction
 s - a potion of degeneration
 z - 5 potions of curing
 A - 3 potions of heal wounds
 F - a potion of flight


   Skills:
 - Level 3.0 Fighting
 + Level 13.6 Long Blades
 - Level 2.6 Armour
 + Level 5.3(7.2) Dodging
 - Level 2.6 Shields


You had 9 spell levels left.
You didn't know any spells.
Your spell library was empty.

Dungeon Overview and Level Annotations

Branches:
Dungeon (9/15)             Temple (1/1) D:7
   Lair: D:8-11         Orc: D:9-12

Altars:
Ashenzari
Cheibriados
Dithmenos
Elyvilon
Gozag
Hepliaklqana
Kikubaaqudgha
Makhleb
Nemelex Xobeh
Okawaru
Qazlal
Ru
Sif Muna
Trog
Vehumet
Wu Jian
Xom
Yredelemnul
Zin
The Shining One

Shops:
D:4 ?   D:6 (   D:7 (

Annotations:
D:3 2 transporters, ReteAZ's ghost, amateur GnWn


Innate Abilities, Weirdness & Mutations

You have sharp toenails.
You sometimes gain a little power by taking damage.
You are partially covered in sharp spines.
You are mostly covered in razor-sharp scales. (AC +2, Slay +2)


Message History

The hornet is struck by your spines. The hornet stings you.
You are poisoned.
You feel as though you will be slow longer.
The orc hits you but does no damage. The orc priest completely misses you.
You miss the hornet. You claw the hornet.
The hornet is heavily wounded.
You feel sick. The hornet closely misses you. You block the manticore's attack.
The manticore claws you but does no damage. x2
You block the orc's attack.
The orc priest is struck by your spines.
The orc priest hits you but does no damage.
The hornet stings you but does no damage.
You closely miss the hornet. Your kick misses the hornet.
The hornet is heavily wounded.
The hornet completely misses you. The manticore bites you!!
The manticore claws you but does no damage. x2
You block the orc's attack.
The orc priest is struck by your spines.
The orc priest hits you but does no damage.
The hornet stings you but does no damage.
The manticore barely misses you. The manticore claws you.
You block the manticore's attack.
You closely miss the manticore.
The manticore is moderately wounded.
You feel sick. The hornet is struck by your spines. The hornet stings you.
* * * LOW HITPOINT WARNING * * *
You feel as though you will be slow longer.
You block the orc priest's attack. You block the orc's attack.
The manticore is struck by your spines. The manticore bites you.
* * * LOW HITPOINT WARNING * * *
The manticore closely misses you. The manticore claws you.
* * * LOW HITPOINT WARNING * * *
You block the hornet's attack.
The orc priest begins to cast a cantrip, but forgets the words!
The orc barely misses you.
You feel sick. The hornet is struck by your spines.
The hornet closely misses you.
The orc priest invokes the aid of Beogh against you.
Beogh smites you!
You die...

..#
#.......#
..#
#.......#
###
#.......#
####+####
#### ..#
#######'##
*.........#
......oH@#
.......y.#
*
.......o.#
, ,
##.......#
#.......# ,
,#.>.....#
* #####...#
, ,.>..# **
*#####


You could see a manticore, a hornet, an orc priest and an orc.

Vanquished Creatures
  A two-headed ogre (D:9)
  Pikel (D:8)
  A wyvern (D:9)
  5 yaks (D:9)
  A water moccasin (D:6)
  An orc warrior (D:5)
  3 sky beasts
  An ice beast (D:4)
  A black bear (D:9)
  A necrophage (D:7)
  5 ogres
  6 centaurs
  4 phantoms
  4 lemures (D:8)
  2 kobold brigands
  6 bullfrogs
  A water moccasin skeleton (D:7)
  2 scorpions
  4 howler monkeys
  2 centaur zombies
  2 bullfrog zombies
  5 hounds
  2 centaur skeletons
  5 orc priests
  A gnoll shaman (D:6)
  2 jellies
  A bullfrog skeleton (D:9)
  Natasha (thrice) (D:2)
  4 iguanas
  16 orc wizards
  7 worker ants
  A howler monkey zombie (D:5)
  17 gnolls
  A howler monkey skeleton (D:2)
  11 adders
  3 shadow imps
  4 white imps
  An ufetubus (D:5)
  2 oozes
  2 worms
  7 leopard geckos
  44 orcs
  6 giant cockroaches
  12 goblins
  8 hobgoblins
  7 jackals
  2 quokkas
  2 ball pythons
  8 bats
  7 frilled lizards
  6 kobolds
  A leopard gecko zombie (D:7)
  A quokka skeleton (D:6)
  11 rats
264 creatures vanquished.

Notes
Turn   | Place    | Note
-------+----------+-------------------------------------------
     0 | D:1      | ReteAZ the Demonspawn Fighter began the quest for the Orb.
     0 | D:1      | Reached XP level 1. HP: 18/18 MP: 1/1
   129 | D:1      | Reached skill level 2 in Long Blades
   384 | D:1      | Gained mutation: You sometimes gain a little power by
                  | taking damage. [demonic ancestry]
   384 | D:1      | Reached XP level 2. HP: 24/24 MP: 2/2
   876 | D:2      | Reached skill level 3 in Long Blades
   940 | D:2      | Gained mutation: You are partially covered in sharp spines.
                  | [demonic ancestry]
   940 | D:2      | Reached XP level 3. HP: 21/29 MP: 3/3
  1459 | D:2      | Noticed Natasha
  1465 | D:2      | Killed Natasha
  1466 | D:2      | Reached skill level 4 in Long Blades
  1466 | D:2      | Reached XP level 4. HP: 31/35 MP: 4/4
  1907 | D:3      | Noticed ReteAZ's ghost (amateur GnWn)
  1952 | D:3      | Gained mutation: You are partially covered in razor-sharp
                  | scales. (AC +1, Slay +1) [demonic ancestry]
  1952 | D:3      | Reached XP level 5. HP: 6/41 MP: 5/5
  1974 | D:3      | HP: 2/41 [orc (4)]
  2144 | D:3      | Reached skill level 5 in Long Blades
  2270 | D:3      | Found a transporter.
  2359 | D:3      | Found a glowing drain.
  2476 | D:3      | Found a transporter.
  2788 | D:2      | Noticed Natasha
  2793 | D:2      | Killed Natasha
  3071 | D:2      | Noticed Natasha
  3079 | D:2      | Killed Natasha
  3392 | D:4      | Noticed an ogre
  3424 | D:4      | Reached XP level 6. HP: 47/47 MP: 6/6
  3450 | D:4      | Found Hasm's Magic Scroll Shop.
  3468 | D:4      | Bought a scroll of magic mapping for 35 gold pieces
  3503 | D:4      | Reached skill level 6 in Long Blades
  3601 | D:4      | Found a stormy altar of Qazlal.
  3602 | D:4      | Found a hazy altar of Hepliaklqana.
  3602 | D:4      | Found a burning altar of Makhleb.
  3605 | D:4      | Found an opulent altar of Gozag.
  3632 | D:4      | Noticed a sky beast
  3643 | D:4      | Killed a sky beast
  3798 | D:4      | Reached skill level 7 in Long Blades
  3798 | D:4      | Gained mutation: You have sharp toenails. [demonic
                  | ancestry]
  3798 | D:4      | Reached XP level 7. HP: 29/52 MP: 7/7
  4317 | D:5      | Entered Level 5 of the Dungeon
  4511 | D:4      | Reached skill level 8 in Long Blades
  4703 | D:5      | Gained mutation: You are mostly covered in razor-sharp
                  | scales. (AC +2, Slay +2) [demonic ancestry]
  4703 | D:5      | Reached XP level 8. HP: 43/58 MP: 8/8
  4907 | D:5      | Reached skill level 9 in Long Blades
  5568 | D:6      | Reached skill level 10 in Long Blades
  5805 | D:6      | Found Ruthuem's Weapon Shoppe.
  6526 | D:6      | Identified the +1 robe of Sharp Satisfaction {rC+}
  6580 | D:6      | Reached XP level 9. HP: 63/63 MP: 9/9
  6715 | D:6      | Reached skill level 11 in Long Blades
  6757 | D:6      | Found a stormy altar of Qazlal.
  6872 | D:6      | Found an ancient bone altar of Kikubaaqudgha.
  7706 | D:7      | Reached skill level 12 in Long Blades
  7872 | D:7      | Found a staircase to the Ecumenical Temple.
  7985 | Temple   | Entered the Ecumenical Temple
  8243 | Temple   | Became a worshipper of Ashenzari the Shackled
  8519 | D:7      | Found Ydig's Antique Weapon Emporium.
  9294 | D:8      | Noticed a red ugly thing
  9547 | D:8      | Reached * piety under Ashenzari
  9572 | D:8      | Noticed Pikel
  9809 | D:8      | Killed Pikel
  9810 | D:8      | Reached XP level 10. HP: 62/70 MP: 10/10
  9907 | D:8      | Found a shimmering blue altar of Sif Muna.
 10046 | D:9      | Reached skill level 13 in Long Blades
 10878 | D:9      | Noticed a two-headed ogre
 10887 | D:9      | Killed a two-headed ogre
 10888 | D:9      | Reached skill level 5 in Dodging
 11039 | D:9      | Reached ** piety under Ashenzari
 11135 | D:9      | Found a sparkling altar of Nemelex Xobeh.
 11344 | D:9      | Noticed a manticore
 11354 | D:9      | Killed from afar by an orc priest

Illustrated notes

Levels and vault maps discovered:
D:1:      dpeg_arrival_boxes_within_box, layout_basic, minmay_fountain_box,
          kennysheep_another_room
D:2:      layout_basic, uniq_natasha
D:3:      layout_loops_ring, gup_sewer_entry_bubbles, gammafunk_ghost_stat_death
D:4:      layout_rooms, grunt_temple_overflow_open, serial_shops,
          nicolae_shop_statue_plus
D:5:      layout_cave_pools
D:6:      layout_cave_pods, kiku_gazebo_pond_becter, basic_altar, serial_shops,
          shop
D:7:      minmay_polygon_palace, layout_loops_corners,
          minmay_temple_entry_junction, serial_shops,
          nicolae_shop_window_shopping
D:8:      layout_cave_pools, minitemple, lair_entry_dummy, dk_noncrumbling_4,
          lemuel_blue_sif_altar, uniq_pikel
D:9:      layout_roguey, nemelex_xobeh_ov_fountains_minmay, minivault_21,
          minmay_misc_feat_rugged, chequers_garden, grunt_decor_fettered
Temple:   minmay_temple_curvy_branch

Skill      XL: |  1  2  3  4  5  6  7  8  9 10 |
---------------+-------------------------------+-----
Long Blades    | 2 3 4 5 7 8 10 12 13 | 13.6
Dodging        | 2 5 |  5.3
Fighting       | |  3.0
Armour         | |  2.6
Shields        | |  2.6

Action                   |  1- 3 |  4- 6 |  7- 9 | 10-12 || total
-------------------------+-------+-------+-------+-------++-------
Melee: Long sword        |    88 |     5 |       |   143 ||   236
       Dagger            |       |   151 |   448 |       ||   599
       Kick              |       |       |   148 |    43 ||   191
Throw: Dart              |       |       |       |     1 ||     1
Invok: Curse Item        |       |       |     2 |     1 ||     3
  Use: Scroll            |       |       |     2 |     1 ||     3
Armor: Scale mail        |    52 |    51 |   166 |    61 ||   330
Dodge: Dodged            |    22 |    42 |   128 |    54 ||   246
Block: Kite shield       |    47 |    77 |   185 |    73 ||   382
       Rpst.: Long sword |     7 |       |       |    19 ||    26

Table legend: (Time is in decaauts)
 A = Elapsed time spent in this place.
 B = Non-inter-level travel time spent in this place.
 C = Inter-level travel time spent in this place.
 D = Time resting spent in this place.
 E = Time spent auto-exploring this place.
 F = Levels seen in this place.
 G = Mean time per level.
                   A        B        C        D        E       F      G
               +--------+--------+--------+--------+--------+-----+--------+
         Total |  11406 |  10767 |    639 |   1313 |   7490 |  10 | 1140.6 |
       Dungeon |  11136 |  10518 |    618 |   1313 |   7243 |   9 | 1237.3 |
        Temple |    270 |    249 |     21 |      0 |    247 |   1 |  270.0 |
               +--------+--------+--------+--------+--------+-----+--------+

Top non-repeatable levels by time:
     D:7: 1861 daAuts
     D:2: 1513 daAuts
     D:5: 1416 daAuts
     D:9: 1373 daAuts
     D:6: 1178 daAuts
     D:3: 1144 daAuts
     D:4: 1056 daAuts
     D:1: 874 daAuts
     D:8: 717 daAuts
  Temple: 270 daAuts
